AoeStats
← 风暴浩然

Lombardia

507676539Analyzed
3v3 RM · 14d ago on Sep 19, 2026· 59m 55s· 6 players
Game mode
Random Map
Map size
Normal (6 player)
Population
200
Speed
Normal
Resources
Standard
Victory
Conquest
Starting age
Dark Age
Ending age
Imperial Age
RankedLock teamsTeams togetherTeam positionsShared explorationLock speedFull tech treeHidden civsTurbo modeCheats
Victory
Defeat
🇦🇷 Bulgarians · Argentina
945
+16
🇦🇷 Goths · Argentina
939
+16
🇦🇷 Khmer · Argentina
875
+18
🇨🇳 Portuguese · China
961
-17
🇭🇰 Turks · Hong Kong SAR China
954
-18
🇩🇪 Chinese · Germany
884
-15
EL PELUCA MILEI
12:38 Feudal Age
15:09 Double-Bit Axe
16:09 Gold Mining
16:10 Stone Mining
17:56 Bloodlines
20:17 Horse Collar
22:57 Scale Barding Armor
22:53 Scale Mail Armor
23:04 Forging
29:18 Castle Age
30:16 Husbandry
32:36 Heavy Plow
38:11 Chain Barding Armor
38:27 Iron Casting
38:08 Chain Mail Armor
46:00 Imperial Age
45:51 Caravan
46:38 Gold Shaft Mining
47:00 Wheelbarrow
46:41 Bow Saw
46:33 Cavalier
49:57 Plate Barding Armor
51:26 Blast Furnace
56:44 Light Cavalry
60:03 Crop Rotation
Matimouts
0:33 Loom
9:59 Feudal Age
10:41 Double-Bit Axe
10:38 Horse Collar
17:03 Castle Age
17:34 Scale Mail Armor
17:45 Forging
17:56 Bow Saw
19:34 Squires
18:55 Man-at-Arms
21:38 Long Swordsman
23:58 Chain Mail Armor
26:30 Iron Casting
26:39 Heavy Plow
31:05 Imperial Age
29:13 Wheelbarrow
29:51 Gold Mining
29:54 Stone Mining
32:14 Two-Handed Swordsman
35:18 Blast Furnace
38:55 Two-Man Saw
37:37 Champion
39:46 Perfusion
41:01 Conscription
41:12 Fletching
41:06 Pikeman
41:10 Elite Huskarl
41:53 Anarchy
41:17 Elite Huskarl
43:40 Hand Cart
43:14 Town Watch
52:47 Crop Rotation
Aledecr
8:39 Loom
11:55 Feudal Age
17:05 Castle Age
17:16 Double-Bit Axe
18:19 Horse Collar
18:59 Scale Mail Armor
21:01 Forging
24:55 Wheelbarrow
26:23 Gambesons
28:13 Iron Casting
28:44 Caravan
34:14 Hand Cart
36:57 Imperial Age
34:15 Town Watch
34:39 Scale Barding Armor
35:31 Stirrups
36:53 Bloodlines
36:46 Husbandry
36:09 Light Cavalry
37:23 Hussar
38:45 Coinage
39:27 Chain Barding Armor
40:12 Blast Furnace
40:41 Heavy Plow
40:54 Bow Saw
44:03 Plate Barding Armor
46:20 Banking
52:30 Conscription
54:48 Chemistry
54:14 Ballistics
57:14 Cavalier
Neuronians
1:30 Loom
12:43 Feudal Age
13:58 Wheelbarrow
13:05 Horse Collar
22:06 Double-Bit Axe
25:58 Castle Age
24:10 Gold Mining
24:51 Fletching
25:05 Padded Archer Armor
26:54 Hand Cart
26:28 Town Watch
26:55 Bow Saw
26:49 Heavy Plow
27:03 Bow Saw
28:39 Crossbowman
30:12 Caravan
32:42 Leather Archer Armor
32:22 Elite Skirmisher
33:49 Bodkin Arrow
34:02 Great Wall
35:54 Squires
35:40 Arson
35:16 Pikeman
36:01 Town Patrol
36:36 Ballistics
36:28 Fortified Wall
36:14 Murder Holes
36:29 Masonry
37:42 Forging
37:33 Scale Mail Armor
43:29 Imperial Age
41:30 Masonry
41:58 Iron Casting
41:40 Chain Mail Armor
43:31 Elite Chu Ko Nu
45:22 Bracer
45:53 Ring Archer Armor
46:25 Blast Furnace
45:55 Plate Mail Armor
46:42 Chemistry
46:37 Conscription
47:35 Rocketry
49:59 Halberdier
50:00 Elite Fire Lancer
50:44 Heavy Scorpion
50:44 Heavy Rocket Cart
51:41 Capped Ram
53:29 Siege Ram
54:57 Architecture
风暴戴
10:29 Feudal Age
14:56 Castle Age
12:47 Double-Bit Axe
16:38 Bow Saw
17:04 Wheelbarrow
22:20 Horse Collar
23:46 Loom
24:28 Hand Cart
23:59 Town Watch
29:29 Stone Mining
29:30 Gold Mining
33:00 Imperial Age
31:57 Gold Shaft Mining
31:37 Fletching
31:47 Padded Archer Armor
32:37 Ballistics
32:47 Bodkin Arrow
33:08 Leather Archer Armor
34:16 Conscription
34:17 Treadmill Crane
35:08 Bracer
35:38 Ring Archer Armor
35:16 Sappers
37:12 Murder Holes
38:18 Elite Janissary
39:55 Scale Barding Armor
41:23 Hoardings
41:43 Town Patrol
46:33 Husbandry
46:44 Bloodlines
49:42 Forging
49:32 Scale Mail Armor
50:31 Caravan
56:55 Coinage
风暴浩然
12:05 Feudal Age
10:21 Loom
17:17 Castle Age
15:54 Wheelbarrow
17:05 Double-Bit Axe
17:03 Horse Collar
19:12 Bow Saw
26:09 Pikeman
27:21 Town Watch
29:22 Stone Mining
29:22 Gold Mining
30:34 Heavy Plow
31:10 Masonry
30:41 Treadmill Crane
31:47 Man-at-Arms
32:42 Long Swordsman
35:39 Circumnavigation
36:08 Gambesons
36:31 Scale Mail Armor
36:41 Forging
37:39 Gold Mining
38:40 Fortified Wall
41:45 Imperial Age
39:32 Hand Cart
41:16 Caravan
41:46 Coinage
43:44 Stone Shaft Mining
44:49 Two-Man Saw
43:52 Town Patrol
45:46 Chemistry
45:17 Architecture
45:38 Two-Handed Swordsman
46:46 Chain Mail Armor
47:06 Iron Casting
46:38 Scale Barding Armor
46:24 Fletching
46:34 Padded Archer Armor
46:29 Heated Shot
47:02 Ballistics
47:03 Champion
48:38 Plate Mail Armor
54:42 Arquebus
56:52 Halberdier
Connection lost

Rejoining the realm…

Still unreachable

The connection could not be restored.

Session expired

The server has moved on; the page needs a fresh start.